 Dungeon Crawl Stone Soup version 0.17-a0-2220-g6fea741 (webtiles) character file.

116 kosy22 the Ruffian (level 4, 0/44 HPs)
             Began as a Troll Berserker on Oct 28, 2015.
             Was a Believer of Trog.
             Slain by an orc
             ... wielding a +0 flail
              (3 damage)
             ... on level 4 of the Dungeon.
             The game lasted 00:04:12 (2071 turns).

kosy22 the Ruffian (Troll Berserker)                Turns: 2071, Time: 00:04:12

Health: 0/44       AC:  5    Str: 26    XL:     4   Next: 70%
Magic:  3/3        EV: 10    Int:  3    God:    Trog [**....]
Gold:   128        SH:  0    Dex:  9    Spells: 0 memorised, 3 levels left

rFire  . . .     SeeInvis .       - Unarmed
rCold  . . .     Clarity  .     a - +0 animal skin
rNeg   . . .     SustAt   .     (no shield)
rPois  .         Gourm    +     (helmet restricted)
rElec  .         Spirit   .     (no cloak)
rCorr  .         Warding  .     (gloves unavailable)
rMut   .         Stasis   .     (boots unavailable)
MR     .....                    (no amulet)
Stlth  +.........               (no ring)
                                (no ring)

@: slowed, very slow, not resistant to hostile enchantments, very unstealthy
A: unfitting armour, claws 3, fast metabolism 3, gourmand, regeneration 2,
shaggy fur 1, tough skin 2
a: Berserk, Trog's Hand, Burn Spellbooks, Renounce Religion


You were on level 4 of the Dungeon.
You worshipped Trog.
Trog was pleased with you.
You were not hungry.

You visited 1 branch of the dungeon, and saw 4 of its levels.

You collected 128 gold pieces.

Inventory:

Missiles
 k - 45 poisoned needles
Armour
 a - a +0 animal skin (worn)
Scrolls
 e - a scroll of blinking {unknown}
 f - 3 scrolls of teleportation {unknown}
 h - a scroll of magic mapping {unknown}
 i - 3 scrolls of identify {unknown}
 j - a scroll of amnesia {unknown}
Comestibles
 b - 3 bread rations
 c - 3 meat rations
 d - 3 fruits
 g - a royal jelly
 l - a slice of pizza


   Skills:
 + Level 2.7 Fighting
 + Level 3.7 Dodging
 + Level 0.1 Stealth
 + Level 3.9 Unarmed Combat


You had 3 spell levels left.
You didn't know any spells.

Dungeon Overview and Level Annotations

Branches:
Dungeon (4/15)
 Temple: D:4-7

Altars:
Kikubaaqudgha
Okawaru
Trog
Vehumet
Yredelemnul
The Shining One


Innate Abilities, Weirdness & Mutations

You are too large for most types of armour.
You have claws for hands.
Your metabolism is lightning-fast.
You like to eat raw meat.
You heal very quickly.
You are covered in fur (AC +1).
You have very tough skin (AC +2).


Message History

The orc wizard closely misses you. The orc hits you with a mace.
* * * LOW HITPOINT WARNING * * *
You completely miss the orc wizard. The orc wizard barely misses you.
The orc hits you with a flail.
* * * LOW HITPOINT WARNING * * *
The orc wizard hits you but does no damage.
The orc hits you with a mace.
* * * LOW HITPOINT WARNING * * *
You claw the orc wizard!
The orc wizard is heavily wounded.
The orc wizard closely misses you. The orc barely misses you.
The orc wizard hits you but does no damage.
The orc barely misses you.
Unknown command.
You closely miss the orc wizard.
The orc wizard is heavily wounded.
The orc wizard gestures at you while chanting.
You feel as though you will be slow longer.
The orc hits you with a flail.
You die...

..........##
...........##
............###.
................
#..............
#.............
#....oo....... ####
#....@o..)... #..####
##........... †##.#.#
#...)........ ##.#..##
##............
#.###..####.......$?....
#..##...................
####......#.............
##......##...........
##......###.........


You could see an orc wizard and 2 orcs.

Vanquished Creatures
  An iguana (D:3)
  4 adders
  A worm (D:2)
  2 giant geckos
  2 orcs (D:4)
  5 goblins
  5 hobgoblins
  9 kobolds
  9 bats
  3 giant newts (D:1)
  11 rats
52 creatures vanquished.

Notes
Turn   | Place    | Note
--------------------------------------------------------------
     0 | D:1      | kosy22 the Troll Berserker began the quest for the Orb.
     0 | D:1      | Reached XP level 1. HP: 22/22 MP: 0/0
   177 | D:1      | Reached XP level 2. HP: 29/29 MP: 1/1
   301 | D:1      | Reached ** piety under Trog
   691 | D:2      | Reached XP level 3. HP: 24/36 MP: 2/2
   780 | D:2      | Found a glowing golden altar of the Shining One.
   783 | D:2      | Noticed an angel
   830 | D:2      | Found a basalt altar of Yredelemnul.
   832 | D:2      | Noticed a profane servitor
  1391 | D:2      | You fall through a shaft!
  1485 | D:3      | Found a bloodstained altar of Trog.
  1647 | D:3      | Reached XP level 4. HP: 33/44 MP: 3/3
  1651 | D:3      | Found an iron altar of Okawaru.
  1960 | D:4      | Found a radiant altar of Vehumet.
  2024 | D:4      | Found an ancient bone altar of Kikubaaqudgha.
  2069 | D:4      | HP: 1/44 [orc/mace (5)]
  2071 | D:4      | Slain by an orc

Vault maps used:
D:1:      dpeg_arrival_simpleton_a
D:2:      grunt_temple_overflow_holy_war, first_bread
D:3:      okawaru_metal_pillars_1_2, bloody_trog
D:4:      fiery_altar_vehumet, marbit_many_paths, minmay_temple_entry_mist

Action                   |  1- 3 |  4- 6 || total
-------------------------+-------+-------++-------
Melee: Unarmed           |    98 |    34 ||   132
 Stab: Sleeping          |     1 |       ||     1
  Eat: Chunk             |     2 |       ||     2
       Bread ration      |     2 |       ||     2
       Meat ration       |     1 |       ||     1
